 Dungeon Crawl Stone Soup version 0.30-a0-779-g7971cf19c3 (webtiles) character file.

Game seed: 5601359163808308288

1537 Darius099 the Cleaver (level 8, -3/66 HPs)
             Began as a Minotaur Fighter on Feb 17, 2023.
             Was a Follower of Okawaru.
             Slain by a two-headed ogre
             ... wielding a +0 giant club
              (4 damage)
             ... on level 5 of the Dungeon.
             The game lasted 00:09:24 (3746 turns).

Darius099 the Cleaver (Minotaur Fighter)            Turns: 3746, Time: 00:09:25

Health: -3/66      AC: 13    Str: 23    XL:     8   Next: 56%
Magic:  7/7        EV:  7    Int:  5    God:    Okawaru [*.....]
Gold:   234        SH:  4    Dex: 10    Spells: 7/7 levels left

rFire   . . .      SeeInvis .    a - +0 war axe
rCold   . . .      Faith    .    c - +0 buckler
rNeg    . . .      Spirit   .    p - +0 chain mail
rPois   .          Reflect  .    (helmet restricted)
rElec   .          Harm     .    (no cloak)
rCorr   .          Rampage  .    (no gloves)
Will    .....                    (no boots) Stlth
                                 (no amulet)
HPRegen 0.31/turn                B - +4 ring of protection
MPRegen 0.10/turn                (no ring)

@: lethally poisoned (-3 -> -10), weakened, studying Long Blades
A: horns 2, retaliatory headbutt
a: Renounce Religion, Heroism


You were on level 5 of the Dungeon.
You worshipped Okawaru.
Okawaru was aware of your devotion.
You visited 2 branches of the dungeon, and saw 6 of its levels.

You collected 234 gold pieces.

Inventory:

Hand Weapons
 a - a +0 war axe (weapon)
Missiles
 n - 10 stones (quivered)
 w - 4 boomerangs
Armour
 c - a +0 buckler (worn)
 p - a +0 chain mail (worn)
Jewellery
 y - a +6 ring of intelligence
 B - a +4 ring of protection (left hand)
Scrolls
 b - 2 scrolls of acquirement {unknown}
 f - 2 scrolls of poison {unknown}
 g - 4 scrolls of vulnerability {unknown}
 i - a scroll of teleportation {unknown}
 l - 2 scrolls of enchant armour {unknown}
 r - a scroll of fear {unknown}
 s - a scroll of enchant weapon {unknown}
 t - a scroll of immolation {unknown}
 v - a scroll of amnesia {unknown}
 x - a scroll of blinking {unknown}
 z - a scroll of noise {unknown}
Potions
 d - a potion of might
 e - a potion of magic {unknown}
 j - a potion of curing
 k - a potion of heal wounds
 m - a potion of lignification
 o - a potion of experience {unknown}
 q - 2 potions of berserk rage
 u - a potion of haste
 A - a potion of flight


   Skills:
 - Level 4.0 Fighting
 + Level 12.6 Axes
 - Level 4.0 Armour
 - Level 4.0 Shields


You had 7 spell levels left.
You didn't know any spells.
Your spell library was empty.

Dungeon Overview and Level Annotations

Branches:
Dungeon (5/15)             Temple (1/1) D:4

Altars:
Ashenzari
Cheibriados
Dithmenos
Elyvilon
Fedhas
Gozag
Kikubaaqudgha
Makhleb
Nemelex Xobeh
Okawaru
Qazlal
Ru
Sif Muna
Vehumet
Wu Jian
Xom
Yredelemnul
The Shining One

Shops:
D:2 *(:*(   D:3 ?   D:4 *((


Innate Abilities, Weirdness & Mutations

You have a pair of horns on your head.
You reflexively headbutt those who attack you in melee.


Message History

An iguana comes into view.
The gnoll bouda barks out a call to the hunt!
You hear a shout!
You barely miss the gnoll bouda.
The gnoll bouda is severely wounded.
The gnoll bouda hits you but does no damage.
You barely miss the gnoll bouda.
You headbutt the gnoll bouda, but do no damage.
The gnoll bouda is severely wounded.
A gnoll sergeant comes into view. It is wielding a +2 spear of venom.
The gnoll bouda gazes fiercely through you!
You feel as though you will be weak longer.
The gnoll bouda hits you but does no damage.
You hit the gnoll bouda but do no damage.
The gnoll bouda is severely wounded.
A troll comes into view.
You closely miss the two-headed ogre.
Your headbutt misses the two-headed ogre.
The iguana hisses menacingly.
You barely miss the two-headed ogre.
The two-headed ogre hits you with a +0 giant club.
The two-headed ogre hits you with a +0 giant club!
You barely miss the two-headed ogre. You barely miss the two-headed ogre.
The two-headed ogre barely misses you.
The two-headed ogre hits you with a +0 giant club!!
The gnoll sergeant hits you but does no damage.
You feel much better. You block the gnoll sergeant's attack.
You slash the two-headed ogre!
The two-headed ogre is moderately wounded.
The two-headed ogre barely misses you.
The two-headed ogre hits you with a +0 giant club!!
The gnoll sergeant hits you from afar with a +2 spear of venom.
You are poisoned.
You hit the two-headed ogre.
The two-headed ogre is moderately wounded.
You feel sick.
The two-headed ogre hits you with a +0 giant club!!
* * * LOW HITPOINT WARNING * * *
The two-headed ogre hits you with a +0 giant club.
You die...

###.....# .....(
#...##.
#.......###....###...
..
##..................
#. #..###.###.....#.#
.. ##..#$....#.......
#...#.....#.......
...#....!....#
..###.#...?.#.# ..
...#(.@.[#........
#.# ###O#####.###.#
.#


.ggl ... #..... ..# #.⌠.⌠.⌠. 8... .#.....#. .#.. ..#..⌠..#.. .#.. .# ###.### #.
You could see a two-headed ogre, a gnoll sergeant (swift), a gnoll bouda and an
iguana.

Vanquished Creatures
  Grinder (D:5)
  Eustachio (D:5)
  A yak (D:4)
  The ghost of osoart the Insei, an amateur DsTm (D:4)
  Duvessa (D:5)
  2 black bears
  An ogre (D:4)
  A necrophage (D:4)
  A wight (D:4)
  Dowan (D:5)
  A jelly (D:5)
  An orc priest (D:3)
  2 iguanas
  Terence (D:3)
  2 orc wizards (D:4)
  Robin (D:3)
  A gnoll (D:1)
  7 adders
  A shadow imp (D:5)
  An ufetubus (D:4)
  6 worms
  A dart slug (D:1)
  4 orcs
  2 ball pythons
  4 endoplasms (D:1)
  3 giant cockroaches
  8 hobgoblins
  10 jackals
  3 quokkas
  A bat (D:2)
  4 frilled lizards
  19 goblins
  9 kobolds
  7 rats
110 creatures vanquished.

Notes
Turn   | Place    | Note
-------+----------+-------------------------------------------
     0 | D:1      | Darius099 the Minotaur Fighter began the quest for the Orb.
     0 | D:1      | Reached XP level 1. HP: 19/19 MP: 0/0
   123 | D:1      | Reached XP level 2. HP: 22/27 MP: 1/1
   178 | D:1      | Reached skill level 3 in Axes
   178 | D:1      | Reached XP level 3. HP: 28/33 MP: 2/2
   639 | D:2      | Found a faded altar of an unknown god.
   671 | D:2      | Reached skill level 4 in Axes
   814 | D:2      | Found Cidod's Antique Weapon Emporium.
   818 | D:2      | Reached XP level 4. HP: 40/40 MP: 3/3
   945 | D:2      | Found Leredd's Book Emporium.
  1055 | D:2      | Found Plog's Assorted Antiques.
  1170 | D:2      | Found Xoqev's Assorted Antiques.
  1194 | D:2      | Found Zededghu's Weapon Emporium.
  1499 | D:3      | Noticed Robin
  1508 | D:3      | Reached skill level 5 in Axes
  1514 | D:3      | Killed Robin
  1586 | D:3      | Found Voocs's Magic Scroll Emporium.
  1616 | D:3      | Noticed Terence
  1623 | D:3      | Killed Terence
  1624 | D:3      | Reached XP level 5. HP: 39/46 MP: 4/4
  1651 | D:3      | Reached skill level 6 in Axes
  2004 | D:4      | Found Dotaot's Weapon Shoppe.
  2039 | D:4      | Found Curuext's Weapon Shop.
  2155 | D:4      | Noticed a yak
  2160 | D:4      | Killed a yak
  2161 | D:4      | Reached skill level 7 in Axes
  2161 | D:4      | Reached XP level 6. HP: 45/52 MP: 5/5
  2166 | D:4      | Reached skill level 8 in Axes
  2210 | D:4      | Reached XP level 7. HP: 46/57 MP: 6/6
  2353 | D:4      | Found Veorhaps's Assorted Antiques.
  2357 | D:4      | Reached skill level 9 in Axes
  2421 | D:4      | Noticed osoart's ghost (amateur DsTm)
  2489 | D:4      | Found a staircase to the Ecumenical Temple.
  2498 | Temple   | Entered the Ecumenical Temple
  2752 | Temple   | Became a worshipper of Warmaster Okawaru
  2825 | D:4      | Found a runed translucent door.
  2853 | D:4      | Killed osoart's ghost
  3028 | D:4      | Reached skill level 10 in Axes
  3408 | D:5      | Entered Level 5 of the Dungeon
  3419 | D:5      | Reached XP level 8. HP: 66/66 MP: 7/7
  3426 | D:5      | Noticed Duvessa
  3426 | D:5      | Noticed Dowan
  3436 | D:5      | Killed Duvessa
  3437 | D:5      | Reached skill level 11 in Axes
  3445 | D:5      | Killed Dowan
  3445 | D:5      | Reached * piety under Okawaru
  3595 | D:5      | Noticed Eustachio
  3609 | D:5      | Killed Eustachio
  3711 | D:5      | Reached skill level 12 in Axes
  3716 | D:5      | Noticed Grinder
  3717 | D:5      | Paralysed by Grinder for 4 turns
  3730 | D:5      | Noticed a two-headed ogre
  3732 | D:5      | Killed Grinder
  3739 | D:5      | Noticed a troll
  3746 | D:5      | HP: 1/66 [two-headed ogre/+0 giant club (25)]
  3746 | D:5      | Slain by a two-headed ogre

Illustrated notes

Levels and vault maps discovered:
D:1:      lightli_iron_boxes, layout_basic, minmay_misc_feat_tiny,
          minmay_misc_feat_encased
D:2:      layout_basic, serial_shops, shop, shop, shop, shop,
          nicolae_shop_window_shopping, ebering_ecumenical_altar_webs
D:3:      layout_rooms, serial_shops, shop,
          nicolae_concentric_dashed_squares_wild, uniq_robin, uniq_terence
D:4:      layout_loops_ring, lemuel_temple_firewalk_b,
          hellmonk_ghost_happy_afterlife, serial_shops,
          nicolae_shop_bloodbath_and_beyond, nicolae_shop_behind_doors,
          nicolae_stop_n_shop_1, minmay_manual_mail
D:5:      layout_cave_pools, minmay_chambers_of_fives, uniq_duvessa,
          uniq_grinder, uniq_eustachio, uniq_crazy_yiuf_cottage
Temple:   hc_temple_tempest_star

Skill      XL: |  1  2  3  4  5  6  7  8 |
---------------+-------------------------+-----
Fighting       | 4 |  4.0
Armour         | 4 |  4.0
Shields        | 4 |  4.0
Axes           | 3 4 5 7 8 10 12 | 12.6

Action                     |  1- 3 |  4- 6 |  7- 9 || total
---------------------------+-------+-------+-------++-------
  Melee: War axe           |    68 |    98 |   114 ||   280
         Headbutt          |     6 |    15 |    23 ||    44
    Use: Scroll            |       |       |     5 ||     5
         Potion            |       |       |     1 ||     1
 Armour: Scale mail        |    43 |     7 |       ||    50
         Chain mail        |       |    53 |    49 ||   102
  Dodge: Dodged            |    23 |    26 |    31 ||    80
  Block: Buckler           |    17 |    33 |    20 ||    70

Table legend: (Time is in decaauts)
 A = Elapsed time spent in this place.
 B = Non-inter-level travel time spent in this place.
 C = Inter-level travel time spent in this place.
 D = Time resting spent in this place.
 E = Time spent auto-exploring this place.
 F = Levels seen in this place.
 G = Mean time per level.
                   A        B        C        D        E       F      G
               +--------+--------+--------+--------+--------+-----+--------+
         Total |   3797 |   3634 |    163 |    214 |   2186 |   6 |  632.8 |
       Dungeon |   3521 |   3405 |    116 |    214 |   1975 |   5 |  704.2 |
        Temple |    275 |    228 |     47 |      0 |    211 |   1 |  275.0 |
               +--------+--------+--------+--------+--------+-----+--------+

Top non-repeatable levels by time:
     D:4: 1138 daAuts
     D:2: 826 daAuts
     D:1: 650 daAuts
     D:3: 570 daAuts
     D:5: 335 daAuts
  Temple: 275 daAuts
